 Dungeon Crawl Stone Soup version 0.26.0-41-g79a4fc7684 (webtiles) character file.

Game seed: 984713873553616509

200 Mattiprrivan the Poker (level 5, -1/44 HPs)
             Began as a Ghoul Gladiator on Jan 26, 2021.
             Was an Initiate of Nemelex Xobeh.
             Slain by Zaque's ghost (4 damage)
             ... on level 3 of the Dungeon.
             The game lasted 00:28:28 (1883 turns).

Mattiprrivan the Poker (Ghoul Gladiator)            Turns: 1883, Time: 00:28:30

Health: -1/44      AC:  5    Str: 18    XL:     5   Next: 79%
Magic:  4/4        EV: 12    Int:  3    God:    Nemelex Xobeh [......]
Gold:   109        SH:  0    Dex: 11    Spells: 4/4 levels left

rFire    . . .     SeeInvis .   d - +2 quarterstaff (chaos)
rCold    + . .     Faith    .   (shield currently unavailable)
rNeg     + + +     Spirit   .   b - +0 leather armour
rPois    ∞         Reflect  .   c - +0 helmet
rElec    .         Harm     .   e - +0 cloak
rCorr    .         Rampage  .   (no gloves)
Will     .....                  (no boots)
Stlth    ++........             (no amulet)
HPRegen  0.00/turn              (no ring)
MPRegen  0.09/turn              (no ring)

@: no status effects
A: claws 1, cold resistance 1, negative energy resistance 3, inhibited
regeneration, torment resistance, unbreathing
a: Renounce Religion, Draw Escape, Draw Destruction, Draw Summoning


You were on level 3 of the Dungeon.
You worshipped Nemelex Xobeh.
Nemelex Xobeh was noncommittal.
You visited 1 branch of the dungeon, and saw 3 of its levels.

You collected 109 gold pieces.

Inventory:

Hand Weapons
 a - a +1 trident
 d - a +2 quarterstaff of chaos (weapon)
 l - a +1 mace of draining
Missiles
 g - 8 boomerangs
 h - 5 atropa-tipped darts (quivered)
 k - a throwing net
Armour
 b - a +0 leather armour (worn)
 c - a +0 helmet (worn)
 e - a +0 cloak (worn)
Scrolls
 i - 3 scrolls of remove curse


   Skills:
 * Level 2.9 Fighting
 * Level 0.6(2.3) Axes
 * Level 3.5(3.9) Polearms
 * Level 2.0(3.1) Staves
 * Level 2.0 Throwing
 * Level 1.0 Armour
 * Level 3.0 Dodging
 * Level 2.4 Stealth
 * Level 0.4 Unarmed Combat
 * Level 0.1 Invocations


You had 4 spell levels left.
You didn't know any spells.
Your spell library was empty.

Dungeon Overview and Level Annotations

Branches:
Dungeon (3/15)

Altars:
Fedhas
Nemelex Xobeh
Yredelemnul
Zin

Annotations:
D:3 Zaque's ghost, amateur HOMo


Innate Abilities, Weirdness & Mutations

You thrive by killing the living.
You are immune to poison.
You have sharp fingernails.
Your flesh is cold resistant. (rC+)
You are immune to negative energy. (rN+++)
You do not regenerate when monsters are visible.
You are immune to unholy pain and torment.
You can survive without breathing.


Message History

Okay, then.
Hit: d) +2 quarterstaff (chaos)
Press: ? - help, Dir - move target, f/p - Zaque's ghost
Aim: Zaque's ghost, wielding a weapon of flaming (heavily damaged, fast)
You hit Zaque's ghost but do no damage.
Space warps horribly around Zaque's ghost!
Zaque's ghost is almost destroyed.
Zaque's ghost hits you!
* * * LOW HITPOINT WARNING * * *
Zaque's ghost burns you.
* * * LOW HITPOINT WARNING * * *
Zaque's ghost hits you but does no damage.
Hit: d) +2 quarterstaff (chaos)
Press: ? - help, Dir - move target, f/p - Zaque's ghost
Aim: Zaque's ghost, wielding a weapon of flaming (almost destroyed, fast)
You closely miss Zaque's ghost.
Zaque's ghost is almost destroyed.
Zaque's ghost hits you.
You die...
Your body disappears without a glow.

########..##...##.###.#
......................#
.#######>###...##.#####
#.# ##.###.#
######.####.###.#
.................#
#########......#####
≈≈≈≈≈r#.#.######
≈$≈≈≈wW@..# ≈≈≈≈≈w#...#
###########


You could see 2 worms, Zaque's ghost (fast) and a rat.

Vanquished Creatures
  An orc wizard (D:3)
  Crazy Yiuf (D:2)
  5 adders
  A worm (D:3)
  6 dart slugs
  2 leopard geckos (D:3)
  5 orcs (D:3)
  A ball python (D:3)
  2 giant cockroaches
  10 goblins
  10 hobgoblins
  7 jackals
  A quokka (D:2)
  9 bats
  4 frilled lizards
  5 kobolds
  6 rats
76 creatures vanquished.

Notes
Turn   | Place    | Note
-------+----------+-------------------------------------------
     0 | D:1      | Mattiprrivan the Ghoul Gladiator began the quest for the
                  | Orb.
     0 | D:1      | Reached XP level 1. HP: 17/17 MP: 0/0
   130 | D:1      | Reached XP level 2. HP: 17/24 MP: 1/1
   286 | D:1      | Reached XP level 3. HP: 30/30 MP: 2/2
   304 | D:1      | You fall into a shaft and drop 1 floor!
   397 | D:2      | Reached XP level 4. HP: 37/37 MP: 3/3
   898 | D:1      | Reached skill level 1 in Stealth
  1131 | D:2      | Found a glowing silver altar of Zin.
  1138 | D:2      | Found a blossoming altar of Fedhas.
  1138 | D:2      | Found a sparkling altar of Nemelex Xobeh.
  1139 | D:2      | Found a basalt altar of Yredelemnul.
  1147 | D:2      | Became a worshipper of Nemelex Xobeh the Trickster
  1255 | D:2      | Found a runed translucent door.
  1256 | D:2      | Noticed Crazy Yiuf
  1267 | D:2      | Killed Crazy Yiuf
  1448 | D:3      | Reached XP level 5. HP: 42/44 MP: 4/4
  1491 | D:3      | Reached skill level 1 in Staves
  1714 | D:3      | Reached skill level 1 in Armour
  1862 | D:3      | Found a runed translucent door.
  1863 | D:3      | Noticed Zaque's ghost (amateur HOMo)
  1883 | D:3      | Slain by Zaque's ghost

Illustrated notes

Levels and vault maps discovered:
D:1:      dpeg_arrival_stonehenge_8_columns, layout_rooms, minmay_tromino_v4_b
D:2:      layout_rooms, minitemple, minmay_box_of_dots, uniq_crazy_yiuf_cottage
D:3:      layout_loops_ring, ebering_ghost_sewer_f

Skill      XL: |  1  2  3  4  5 |
---------------+----------------+-----
Polearms       | 3 |  3.5
Throwing       | 2 |  2.0
Dodging        | 3 |  3.0
Stealth        | 1 2 |  2.4
Staves         | 2 |  2.0
Armour         | 1 |  1.0
Fighting       | |  2.9
Axes           | |  0.6
Unarmed Combat | |  0.4
Invocations    | |  0.1

Action                   |  1- 3 |  4- 6 || total
-------------------------+-------+-------++-------
Melee: Trident           |    81 |    88 ||   169
       Quarterstaff      |       |    50 ||    50
Throw: Throwing net      |     8 |     8 ||    16
       Dart              |       |     6 ||     6
  Use: Scroll            |     3 |     2 ||     5
       Potion            |       |     4 ||     4
 Stab: Held in net/web   |     2 |     1 ||     3
Armor: Leather armour    |    19 |    50 ||    69
Dodge: Dodged            |    33 |    95 ||   128
